 Dungeon Crawl Stone Soup version 0.26.0-20-g3ca415f5b8 (webtiles) character file.

Game seed: 5408988957093239335

375 teolandon225 the Sneak (level 6, -5/28 HPs)
             Began as a Spriggan Enchanter on Jan 24, 2021.
             Killed by divine providence
             ... invoked by an orc priest
              (9 damage)
             ... on level 4 of the Dungeon.
             The game lasted 00:09:08 (4197 turns).

teolandon225 the Sneak (Spriggan Enchanter)         Turns: 4197, Time: 00:09:09

Health: -5/28      AC:  3    Str:  4    XL:     6   Next: 44%
Magic:  9/11       EV: 20    Int: 19    God:
Gold:   187        SH:  0    Dex: 16    Spells: 1/10 levels left

rFire    . . .     SeeInvis +   f - +0 dagger (venom)
rCold    . . .     Faith    .   (shield restricted)
rNeg     . . .     Spirit   .   b - +0 robe
rPois    .         Reflect  .   (helmet restricted)
rElec    .         Harm     .   i - +0 cloak
rCorr    .         Rampage  .   (gloves unavailable)
Will     +....                  (boots unavailable)
Stlth    ++++......             (no amulet)
HPRegen  0.09/turn              (no ring)
MPRegen  0.12/turn              (no ring)

@: very quick
A: very small, unfitting armour, see invisible, speed 3
a: no special abilities


You were on level 4 of the Dungeon.
You visited 2 branches of the dungeon, and saw 5 of its levels.

You collected 187 gold pieces.

Inventory:

Hand Weapons
 a - a +1 dagger
 f - a +0 dagger of venom (weapon)
 m - a +1 dagger of electrocution
Armour
 b - a +0 robe (worn)
 i - a +0 cloak (worn)
Wands
 k - a wand of flame (9)
Scrolls
 c - a scroll of magic mapping
 e - a scroll of identify
Potions
 d - a potion of curing
 j - a potion of brilliance {unknown}
 l - a potion of cancellation {unknown}


   Skills:
 - Level 1.1 Short Blades
 + Level 5.2 Dodging
 * Level 7.8 Stealth
 - Level 2.6 Spellcasting
 * Level 6.2 Hexes


You had one spell level left.
You knew the following spells:

 Your Spells              Type           Power        Failure   Level
e - Tukima's Dance        Hex            26%          3%          3
q - Ensorcelled Hibernat  Hex/Ice        28%          7%          2
r - Corona                Hex            28%          1%          1
w - Confusing Touch       Hex            26%          3%          3

Your spell library contained the following spells:

 Spells                   Type           Power        Failure   Level
 Beastly Appendage        Tmut           4%           16%         1
 Dazzling Flash           Conj/Hex       28%          13%         3
 Wereblood                Tmut           2%           24%         2
 Spider Form              Tmut/Pois      1%           43%         3
 Ice Form                 Ice/Tmut       2%           83%         4
 Blade Hands              Tmut           1%           99%         5


Dungeon Overview and Level Annotations

Branches:
Dungeon (4/15)             Temple (1/1) D:4

Altars:
Cheibriados
Elyvilon
Gozag
Kikubaaqudgha
Makhleb
Nemelex Xobeh
Qazlal
Wu Jian
Xom
Yredelemnul
Zin

Annotations:
D:1 exclusion: downstairs


Innate Abilities, Weirdness & Mutations

You are very small and have problems with some larger weapons.
You are too small for most types of armour.
You have supernaturally acute eyesight. (SInv)
You cover ground extremely quickly.


Message History

Aim: an orc wizard, wielding a +0 dagger and wearing a +0 robe (fast, chance to affect: 45%)
The orc wizard resists with some effort.
The orc wizard hits you with a +0 dagger.
* * * LOW HITPOINT WARNING * * *
The orc wizard points at you and mumbles some strange words.
You resist with almost no effort.
Okay, then.
Unknown command.
Unknown command.
As you read the scroll labelled UVOTAMU TOIFAO, it crumbles to dust.
You hear a loud clanging noise!
It was a scroll of noise.
You hear a bark! x3; You hear a shout!
You hear an angry hiss. x2
You hear a shout!
You hear a bark!
You hear a shout! x2; You hear a bark!
You hear a shout!
The orc wizard hits you with a +0 dagger.
* * * LOW HITPOINT WARNING * * *
The orc priest calls down the wrath of Beogh upon you.
Beogh smites you!
You die...

***,*,**,,....≈≈≈≈≈≈≈≈≈≈≈≈≈..# ##
*,,,*,**,,,#.≈≈≈≈≈≈...≈≈≈≈≈≈.###.
*,***,,,,,*#.≈≈≈≈≈≈.>.≈≈≈≈≈≈.....
,,**,,,,,**#.≈≈≈≈≈≈...≈≈≈≈≈≈.####
,,,,,*,*** #.≈≈≈≈≈≈≈≈≈≈≈≈≈≈≈.##
**,,,*,* #..≈≈≈≈≈≈≈≈≈≈≈≈≈...#
**,,,,,** #....≈≈≈≈≈≈≈≈≈..(..#
*,,,,,,,*###....o.≈≈≈≈≈.......#
,,,,,**,,.......@.o..†........#
,*,,,,,,*####.##o.Z....##..##.#
,*,,,**,,,,.......###.........#**
,*,,,**,,.............)........,,
,,,,,,,,,..######.###########...,
,,,,,,**,#** #.# ***#...
,,******,* #.# *,,,.<, ,** ***,,*
#.#********,,,,,,
,****,,,*********,,,,,,,,,,,,,,,,


You could see an orc priest, 2 orc wizards and a water moccasin skeleton.

Vanquished Creatures
  Sigmund (D:3)
  A hound (D:4)
  Crazy Yiuf (D:2)
  2 orc wizards (D:3)
  A howler monkey skeleton (D:3)
  A gnoll (D:1)
  An adder (D:3)
  A dart slug (D:1)
  4 leopard geckos
  2 orcs (D:3)
  A ball python (D:3)
  8 bats
  6 giant cockroaches
  8 goblins
  7 hobgoblins
  2 quokkas
  3 frilled lizards
  9 kobolds
  15 rats
74 creatures vanquished.

Notes
Turn   | Place    | Note
-------+----------+-------------------------------------------
     0 | D:1      | teolandon225 the Spriggan Enchanter began the quest for the
                  | Orb.
     0 | D:1      | Reached XP level 1. HP: 9/9 MP: 5/5
   138 | D:1      | Reached XP level 2. HP: 13/13 MP: 4/6
   150 | D:1      | Learned a level 2 spell: Ensorcelled Hibernation
   207 | D:1      | Reached skill level 5 in Stealth
   964 | D:1      | Reached XP level 3. HP: 11/16 MP: 5/8
  1112 | D:1      | Learned a level 3 spell: Confusing Touch
  2535 | D:2      | Found a runed translucent door.
  2536 | D:2      | Noticed Crazy Yiuf
  2542 | D:2      | Killed Crazy Yiuf
  2543 | D:2      | Reached skill level 6 in Stealth
  2543 | D:2      | Reached XP level 4. HP: 21/21 MP: 6/9
  2947 | D:3      | Noticed Sigmund
  2956 | D:3      | Killed Sigmund
  2957 | D:3      | Reached skill level 7 in Stealth
  2957 | D:3      | Reached skill level 5 in Hexes
  2957 | D:3      | Reached XP level 5. HP: 11/24 MP: 10/10
  3195 | D:3      | Reached XP level 6. HP: 28/28 MP: 11/11
  3241 | D:3      | Learned a level 3 spell: Tukima's Dance
  3388 | D:3      | Reached skill level 5 in Dodging
  3929 | D:4      | Found a staircase to the Ecumenical Temple.
  3956 | Temple   | Entered the Ecumenical Temple
  4197 | D:4      | Killed from afar by an orc priest

Illustrated notes

Levels and vault maps discovered:
D:1:      dpeg_arrival_shrine, layout_loops_ring, minmay_vboxes
D:2:      layout_rooms, minmay_close_crescents, uniq_crazy_yiuf_cottage
D:3:      layout_rooms, uniq_sigmund
D:4:      layout_rooms, nicolae_dithmenos_through_a_glass_darkly, temple_pool_b
Temple:   minmay_temple_curvy_loop

Skill      XL: |  1  2  3  4  5  6 |
---------------+-------------------+-----
Hexes          | 4 5 6 |  6.2
Stealth        | 5 6 7 |  7.8
Dodging        | 4 5 |  5.2
Short Blades   | |  1.1
Spellcasting   | |  2.6

Action                   |  1- 3 |  4- 6 || total
-------------------------+-------+-------++-------
Melee: Dagger            |    95 |    34 ||   129
 Cast: Corona            |     3 |       ||     3
       Ensorcelled Hiber |    55 |    40 ||    95
  Use: Scroll            |       |     3 ||     3
       Potion            |       |     2 ||     2
 Stab: Sleeping          |    37 |    22 ||    59
Armor: Robe              |     5 |     5 ||    10
Dodge: Dodged            |    90 |    43 ||   133
